 Dungeon Crawl Stone Soup version 0.18-a0-912-g81d1dc4 (webtiles) character file.

161 motkuuri the Vexing (level 5, -3/35 HPs)
             Began as a Vampire Enchanter on Dec 25, 2015.
             Slain by a gnoll
             ... wielding a +0 halberd
              (13 damage)
             ... on level 3 of the Dungeon.
             The game lasted 00:13:34 (2410 turns).

motkuuri the Vexing (Vampire Enchanter)             Turns: 2410, Time: 00:13:34

Health: -3/35      AC:  0    Str:  2    XL:     5   Next: 18%
Magic:  4/8        EV: 20    Int: 19    God:
Gold:   68         SH:  0    Dex: 19    Spells: 3 memorised, 2 levels left

rFire  . . .     SeeInvis +     (weapon currently unavailable)
rCold  + + .     Gourm    .     (armour currently unavailable)
rNeg   + + +     Faith    .     (shield currently unavailable)
rPois  +         Spirit   .     (helmet currently unavailable)
rElec  .         Dismiss  .     (cloak currently unavailable)
rCorr  .         Reflect  .     (gloves currently unavailable)
SustAt .         Harm     .     (boots currently unavailable)
MR     .....                    (no amulet)
Stlth  ++++......               (ring currently unavailable)
                                (ring currently unavailable)

@: bat-form, flying, regenerating slowly, very quick, not resistant to hostile
enchantments, stealthy
A: fangs 3, see invisible, (unbreathing)
a: End Transformation


You were on level 3 of the Dungeon.
You were near bloodless.
You were in vampire-bat-form.
You visited 1 branch of the dungeon, and saw 3 of its levels.

You collected 68 gold pieces.

Inventory:

Hand Weapons
 s - a +2 dagger of venom (melded)
Armour
 b - a +1 robe (melded)
Wands
 p - a wand of polymorph (16/24)
Scrolls
 f - 3 scrolls of remove curse
 g - 2 scrolls of magic mapping {unknown}
 j - 3 scrolls of enchant armour
 k - a scroll of fog {unknown}
 m - a scroll of recharging {unknown}
 n - a scroll of noise {unknown}
 q - a scroll of amnesia {unknown}
Potions
 d - 16 potions of blood
 e - 2 potions of heal wounds
 h - a potion of cure mutation {unknown}
 i - a potion of might {unknown}
 o - 2 potions of agility
 r - a potion of curing {unknown}
Books
 c - a book of Maledictions

   Spells                             Type                      Level
   a - Corona                         Hexes                        1
   b - Ensorcelled Hibernation        Hexes/Ice                    2
   c - Confuse                        Hexes                        3
   d - Tukima's Dance                 Hexes                        3
   e - Dazzling Spray                 Conjuration/Hexes            3


   Skills:
 + Level 3.0 Short Blades
 - Level 2.1 Dodging
 + Level 5.9 Stealth
 - Level 2.0 Spellcasting
 + Level 6.4 Hexes
 + Level 0.8 Ice Magic


You had 2 spell levels left.
You knew the following spells:

 Your Spells              Type           Power        Failure   Level  Hunger
a - Corona                Hex            ####...      1%          1    #......
b - Ensorcelled Hibernat  Hex/Ice        ###...       8%          2    ###....
c - Confuse               Hex            ####....     4%          3    ###....


Dungeon Overview and Level Annotations

Branches:
Dungeon (3/15)

Altars:
Kikubaaqudgha


Innate Abilities, Weirdness & Mutations

You heal slowly.
You have razor-sharp teeth.
You have supernaturally acute eyesight.
((You can survive without breathing.))


Message History

Confirm with . or Enter, or press ? or * to list all spells.
Aiming: Ensorcelled Hibernation
Press: ? - help, Shift-Dir - straight line, f - gnoll
Aim: a gnoll, wielding a spear (chance to defeat MR: 54%)
The gnoll looks drowsy...
The gnoll closely misses you.
The gnoll shouts!
You hit the gnoll.
The gnoll is poisoned.
The gnoll is heavily wounded.
The gnoll hits you from afar with a spear.
The gnoll hits you with a spear! The gnoll hits you with a halberd!
* * * LOW HITPOINT WARNING * * *
Unknown command.
There is a stone staircase leading up here.
You turn into a vampire bat.
Your +2 dagger of venom melds into your body.
Your +1 robe melds into your body.
Your +2 dagger of venom stops dripping with poison.
The gnoll hits you from afar with a halberd!
You die...

#....).##.# #.#.########
###.##(##.# ##.#.#.w.....
#.##.##.# ##.)..#.###...
#.......#### #.###......[..
#.........[# #.# #.....g...
####.#####.# #.###...g##.†.
#.#####.########...#....g...
#............gg....#.####...
#######....b.ggg.....# #...
################ #... ####


You could see 5 gnolls.

Vanquished Creatures
  6 gnolls
  4 adders
  An ooze (D:2)
  2 orcs (D:3)
  2 ball pythons (D:2)
  7 bats
  3 bat zombies (D:2)
  3 giant cockroaches
  6 hobgoblins
  8 kobolds
  3 giant geckos
  2 giant newts (D:2)
  5 goblins
  A quokka (D:2)
  10 rats
  2 rat zombies (D:2)
65 creatures vanquished.

Notes
Turn   | Place    | Note
--------------------------------------------------------------
     0 | D:1      | motkuuri the Vampire Enchanter began the quest for the Orb.
     0 | D:1      | Reached XP level 1. HP: 13/13 MP: 3/3
   403 | D:1      | Reached XP level 2. HP: 17/19 MP: 1/5
   407 | D:1      | Learned a level 2 spell: Ensorcelled Hibernation
   438 | D:1      | Reached skill level 5 in Hexes
  1079 | D:2      | Reached XP level 3. HP: 24/24 MP: 3/6
  1167 | D:2      | Reached skill level 5 in Stealth
  1383 | D:2      | Reached skill level 6 in Hexes
  1383 | D:2      | Reached XP level 4. HP: 30/30 MP: 4/7
  1389 | D:2      | Learned a level 3 spell: Confuse
  1758 | D:2      | Found an ancient bone altar of Kikubaaqudgha.
  2299 | D:3      | Reached XP level 5. HP: 32/35 MP: 6/8
  2410 | D:3      | Slain by a gnoll

Vault maps used:
D:1:      lemuel_arrival_muddy
D:2:      lemuel_zombie_altar_kikubaaqudgha

Action                   |  1- 3 |  4- 6 || total
-------------------------+-------+-------++-------
Melee: Dagger            |    63 |    74 ||   137
 Cast: Corona            |     2 |       ||     2
       Ensorcelled Hiber |     9 |    23 ||    32
       Confuse           |       |     3 ||     3
 Abil: Bat Form          |       |     1 ||     1
  Use: Scroll            |     4 |       ||     4
 Stab: Sleeping          |    22 |    17 ||    39
       Confused          |       |     2 ||     2
